 Dungeon Crawl Stone Soup version 0.29-a0-541-gaf1fc19f1b (webtiles) character file.

Game seed: 13175941866860977056

1275 NateTC the Cudgeller (level 9, -14/62 (78) HPs)
             Began as a Meteoran Fighter on June 2, 2022.
             Was a Follower of Fedhas.
             Demolished by Duvessa
             ... wielding a +2 short sword of draining
              (18 damage)
             ... on level 5 of the Dungeon.
             The game lasted 00:15:39 (2791 turns).

NateTC the Cudgeller (Meteoran Fighter)             Turns: 2791, Time: 00:15:40

HP:   -14/62 (78)   AC:  9    Str: 22    XL:     9   Next: 9%
MP:   10/10         EV: 14    Int:  9    God:    Fedhas [*.....]
Gold: 100           SH:  6    Dex: 21    Spells: 8/8 levels left

rFire   . . .      SeeInvis .   a - +1 flail
rCold   + . .      Faith    .   c - +0 buckler
rNeg    . . .      Spirit   .   k - +0 scale mail {rC+}
rPois   .          Reflect  .   b - +0 helmet
rElec   .          Harm     .   l - +0 cloak
rCorr   .          Rampage  .   (no gloves)
Will    +....                   (no boots)
Stlth   ..........              (no amulet)
HPRegen 0.20/turn               f - ring "Tymol" {Fly Dex+6 Slay+3}
MPRegen 0.12/turn               (no ring)

@: flying, glowing, studying Crossbows, heavily drained
A: sense surroundings 2, otherworldly, glowing, explore regen
a: Renounce Religion


You were on level 5 of the Dungeon.
You worshipped Fedhas.
Fedhas was aware of your devotion.
You visited 1 branch of the dungeon, and saw 5 of its levels.

You collected 100 gold pieces.

Inventory:

Hand Weapons
 a - a +1 flail (weapon)
Armour
 b - a +0 helmet (worn)
 c - a +0 buckler (worn)
 k - a +0 scale mail of cold resistance (worn)
 l - a +0 cloak (worn)
Jewellery
 f - the ring "Tymol" (left hand) {Fly Dex+6 Slay+3}
   (You found it on level 2 of the Dungeon)

   [ring of dexterity]

   Dex:       It affects your dexterity (+6).
   Slay:      It affects your accuracy & damage with ranged weapons and melee
   (+3).
   Fly:       It grants you flight.
Wands
 d - a wand of polymorph (12)
Scrolls
 e - a scroll of fear
 h - 2 scrolls of blinking
 j - a scroll of teleportation
 m - a scroll of fog
Potions
 g - 2 potions of lignification
 n - a potion of magic
 o - 2 potions of brilliance


   Skills:
 + Level 6.6 Fighting
 + Level 7.4 Maces & Flails
 - Level 5.0 Armour
 * Level 7.0 Dodging
 - Level 3.6 Shields


You had 8 spell levels left.
You didn't know any spells.
Your spell library contained the following spells:

 Spells                   Type           Power      Damage    Failure   Level
 Conjure Flame            Conj/Fire      0%         6-21      99%         3
 Frozen Ramparts          Ice            0%         1d2       99%         3
 Ignite Poison            Fire/Tmut/Pois 0%         N/A       99%         3
 Ice Form                 Ice/Tmut       0%         N/A       100%        4
 Sticky Flame             Conj/Fire      0%         2d3       100%        4
 Summon Ice Beast         Ice/Summ       0%         N/A       100%        4


Dungeon Overview and Level Annotations

Branches:
Dungeon (5/15)
 Temple: D:4-7

Altars:
Elyvilon
Fedhas
Wu Jian
Xom

Annotations:
D:5 Duvessa


Innate Abilities, Weirdness & Mutations

You passively map the area around you.
You are easily found by Zot.
You glow in the dark.
You regain HP and MP as you explore.


Message History

Duvessa is moderately wounded.
Duvessa hits you with a +2 short sword of draining.
You feel drained. You block Duvessa's attack.
You sock Duvessa!
Duvessa is heavily wounded.
You block Duvessa's attack.
Duvessa hits you with a +2 short sword of draining!
You feel drained.
You closely miss Duvessa.
Duvessa is heavily wounded.
Duvessa hits you with a +2 short sword of draining.
You feel drained.
You barely miss Duvessa.
Duvessa is heavily wounded.
You block Duvessa's attack. Duvessa completely misses you.
You sock Duvessa!
Duvessa is severely wounded.
Duvessa closely misses you. Duvessa barely misses you.
You hit Duvessa.
Duvessa is severely wounded.
Duvessa hits you with a +2 short sword of draining.
You feel drained.
You closely miss Duvessa.
Duvessa is severely wounded.
Duvessa hits you with a +2 short sword of draining!
You feel drained.
* * * LOW HITPOINT WARNING * * *
Duvessa barely misses you.
You hit Duvessa but do no damage.
Duvessa is severely wounded.
Duvessa barely misses you.
You hit Duvessa but do no damage.
Duvessa is severely wounded.
Duvessa hits you with a +2 short sword of draining!
* * * LOW HITPOINT WARNING * * *
You feel drained.
* * * LOW HITPOINT WARNING * * *
Duvessa hits you with a +2 short sword of draining!!
You die...
Fedhas appreciates your contribution to the ecosystem.

.# * .# .## * # ## *.* ,
..# * ##. *#.###.. *
..####.#####.####.......
.....##.......##........
,
...####.##....#...$.....
...# #.##...........# ,
, .#.# #.###.....@....#*
* ...## #.###.....e....#
, ....###.##.).........#
##...#.......####.....#
* #..........## ..#...#
*, , ##..#......##
...#... ...#..###...#
.#..#.., , ...#..# ..#.#
*,###..#.
.....##..###.#*, , * *


You could see Duvessa (berserk).

Vanquished Creatures
  A steam dragon (D:4)
  A black bear (D:4)
  An ice beast (D:5)
  A sky beast (D:3)
  A centaur (D:3)
  A phantom (D:3)
  4 wights (D:5)
  Dowan (D:5)
  A hound (D:5)
  A jelly (D:4)
  An orc priest (D:5)
  Jessica (D:3)
  Ijyb (D:3)
  3 iguanas
  2 orc wizards
  4 adders
  6 gnolls
  3 worms
  3 dart slugs
  6 orcs
  3 bats
  7 endoplasms
  2 giant cockroaches
  7 hobgoblins
  4 jackals
  8 kobolds
  4 quokkas
  6 ball pythons
  3 frilled lizards
  6 goblins
  7 rats
100 creatures vanquished.

Vanquished Creatures (others)
  A jackal (D:4)
  4 plants (D:4)
5 creatures vanquished.

Grand Total: 105 creatures vanquished

Notes
Turn   | Place    | Note
-------+----------+-------------------------------------------
     0 | D:1      | NateTC the Meteoran Fighter began the quest for the Orb.
     0 | D:1      | Reached XP level 1. HP: 19/19 MP: 2/2
   110 | D:1      | Reached XP level 2. HP: 26/26 MP: 3/3
   173 | D:1      | Reached XP level 3. HP: 19/31 MP: 4/4
   469 | D:2      | Reached XP level 4. HP: 32/38 MP: 5/5
   474 | D:2      | Reached skill level 5 in Maces & Flails
   583 | D:2      | Identified the ring "Tymol" {Fly Dex+6 Slay+3}
   832 | D:3      | Reached XP level 5. HP: 36/46 MP: 6/6
   840 | D:3      | Found a blossoming altar of Fedhas.
   849 | D:3      | Became a worshipper of Fedhas Madash
   901 | D:3      | Noticed Jessica
   910 | D:3      | Killed Jessica
   983 | D:3      | Noticed Ijyb
  1003 | D:3      | Killed Ijyb
  1004 | D:3      | Reached skill level 5 in Armour
  1004 | D:3      | Reached XP level 6. HP: 47/53 MP: 7/7
  1136 | D:4      | Noticed a black bear
  1153 | D:4      | Killed a black bear
  1154 | D:4      | Reached skill level 5 in Fighting
  1191 | D:4      | Reached XP level 7. HP: 38/61 MP: 8/8
  1211 | D:4      | Reached * piety under Fedhas
  1222 | D:4      | Found an ornate altar of the Wu Jian Council.
  1601 | D:3      | Reached XP level 8. HP: 12/69 MP: 9/9
  1875 | D:4      | Found a white marble altar of Elyvilon.
  1937 | D:4      | Found a shimmering altar of Xom.
  2062 | D:4      | Noticed a steam dragon
  2110 | D:4      | Killed a steam dragon
  2111 | D:4      | Reached skill level 5 in Dodging
  2167 | D:5      | Entered Level 5 of the Dungeon
  2732 | D:5      | Gained mutation: You passively map the area around you.
                  | [Meteoran growth]
  2732 | D:5      | Reached XP level 9. HP: 78/78 MP: 10/10
  2763 | D:5      | Noticed Dowan
  2774 | D:5      | Killed Dowan
  2776 | D:5      | Noticed Duvessa
  2791 | D:5      | Demolished by Duvessa

Illustrated notes

Levels and vault maps discovered:
D:1:      sevenhm_arrival_forest_fort_large_1, layout_rooms, minmay_bisected
D:2:      layout_loops_ring
D:3:      layout_rooms, fedhas_altar_1, uniq_ijyb, uniq_jessica
D:4:      layout_rooms, amcnicky_altar_gilded, grunt_temple_overflow_open,
          chequers_big_river, minmay_manual_moon
D:5:      layout_layer_cave, uniq_crazy_yiuf_cottage, uniq_duvessa

Skill      XL: |  1  2  3  4  5  6  7  8  9 |
---------------+----------------------------+-----
Maces & Flails | 3 4 5 6 7 |  7.4
Armour         | 4 5 |  5.0
Fighting       | 4 5 6 |  6.6
Dodging        | 2 4 6 7 |  7.0
Shields        | |  3.6

Action                   |  1- 3 |  4- 6 |  7- 9 || total
-------------------------+-------+-------+-------++-------
Melee: Flail             |    79 |    90 |   166 ||   335
  Use: Scroll            |     3 |     7 |     2 ||    12
       Potion            |       |     1 |     2 ||     3
Armor: Scale mail        |    48 |    55 |   129 ||   232
       Skin              |       |     2 |       ||     2
Dodge: Dodged            |    28 |    25 |   132 ||   185
Block: Buckler           |    29 |    24 |    75 ||   128

Table legend: (Time is in decaauts)
 A = Elapsed time spent in this place.
 B = Non-inter-level travel time spent in this place.
 C = Inter-level travel time spent in this place.
 D = Time resting spent in this place.
 E = Time spent auto-exploring this place.
 F = Levels seen in this place.
 G = Mean time per level.
                   A        B        C        D        E       F      G
               +--------+--------+--------+--------+--------+-----+--------+
         Total |   2832 |   2786 |     46 |    950 |     28 |   5 |  566.4 |
       Dungeon |   2832 |   2786 |     46 |    950 |     28 |   5 |  566.4 |
               +--------+--------+--------+--------+--------+-----+--------+

Top non-repeatable levels by time:
     D:2: 732 daAuts
     D:3: 701 daAuts
     D:4: 672 daAuts
     D:1: 363 daAuts
     D:5: 363 daAuts
